 Dungeon Crawl Stone Soup version 0.28-a0-906-g0406aca7d3 (webtiles) character file.

Game seed: 5567555596873092615

944 siradein the Vexing (level 7, -1/59 (60) HPs)
             Began as a Grey Draconian Arcane Marksman on Nov 23, 2021.
             Was an Initiate of Okawaru.
             Slain by a water moccasin (5 damage)
             ... on level 4 of the Dungeon.
             The game lasted 00:11:00 (5658 turns).

siradein the Vexing (DrAM)                          Turns: 5658, Time: 00:11:01

HP:   -1/59 (60)    AC: 12    Str: 13    XL:     7   Next: 88%
MP:   12/12         EV: 13    Int: 21    God:    Okawaru [......]
Gold: 256           SH:  0    Dex: 11    Spells: 6/13 levels left

rFire   . . .      SeeInvis .   f - +0 short sword (venom)
rCold   . . .      Faith    .   (no shield)
rNeg    . . .      Spirit   .   (armour unavailable)
rPois   .          Reflect  .   (helmet restricted)
rElec   .          Harm     .   n - +0 cloak
rCorr   .          Rampage  .   (no gloves)
Will    .....                   (no boots)
Stlth   +.........              (no amulet)
HPRegen 0.19/turn               p - +6 ring of intelligence
MPRegen 0.13/turn               (no ring)

@: lethally poisoned (-1 -> -8), lightly drained
A: AC +11, amphibious, unfitting armour, cold-blooded
a: Renounce Religion


You were on level 4 of the Dungeon.
You worshipped Okawaru.
Okawaru was noncommittal.
You visited 1 branch of the dungeon, and saw 4 of its levels.

You collected 256 gold pieces.

Inventory:

Hand Weapons
 a - a +0 hand crossbow
 b - a +1 mace of draining
 f - a +0 short sword of venom (weapon)
 r - a +2 short sword of holy wrath
Missiles
 c - 19 bolts
 j - a throwing net
 u - 11 poisoned darts (quivered)
Armour
 n - a +0 cloak (worn)
Jewellery
 p - a +6 ring of intelligence (left hand)
Scrolls
 d - 2 scrolls of teleportation {unknown}
 g - 2 scrolls of immolation {unknown}
 h - 3 scrolls of identify {unknown}
 k - a scroll of fog {unknown}
 l - a scroll of enchant weapon {unknown}
 q - 2 scrolls of amnesia {unknown}
 s - a scroll of vulnerability {unknown}
 t - a scroll of summoning {unknown}
Potions
 m - a potion of brilliance


   Skills:
 + Level 4.4 Fighting
 + Level 4.0 Crossbows
 + Level 4.0 Dodging
 + Level 3.6 Spellcasting
 + Level 4.5 Hexes


You had 6 spell levels left.
You knew the following spells:

 Your Spells              Type           Power      Damage    Failure   Level
a - Slow                  Hex            88%        N/A       1%          1
b - Inner Flame           Hex/Fire       13%        N/A       14%         3
c - Portal Projectile     Hex/Tloc       26%        N/A       14%         3

Your spell library contained the following spells:

 Spells                   Type           Power      Damage    Failure   Level
 Confusing Touch          Hex            22%        N/A       6%          3
 Ensorcelled Hibernation  Hex/Ice        26%        N/A       8%          2
 Cause Fear               Hex            11%        N/A       19%         4
 Vampiric Draining        Necr           3%         2d6       36%         3
 Tukima's Dance           Hex            Unusable   N/A       N/A         3

Dungeon Overview and Level Annotations

Branches:
Dungeon (4/15)
 Temple: D:4-7

Altars:
Okawaru
Uskayaw
The Shining One

Annotations:
D:3 1 runed translucent door, Crazy Yiuf


Innate Abilities, Weirdness & Mutations

Your dull iron-grey scales are very hard. (AC +11)
You are amphibious.
You cannot fit into any form of body armour.
You are cold-blooded and may be slowed by cold attacks.


Message History

You feel sick. The water moccasin barely misses you.
You feel sick.
You feel sick.
The water moccasin bites you but does no damage.
You feel sick.
You feel sick.
The water moccasin bites you but does no damage.
You miss the water moccasin.
Your tail-slap misses the water moccasin.
The water moccasin is heavily wounded.
You feel sick. The water moccasin bites you.
You barely miss the water moccasin.
The water moccasin is heavily wounded.
You feel sick.
You are no longer poisoned.
The water moccasin barely misses you.
The water moccasin bites you but does no damage.
You miss the water moccasin.
The water moccasin is heavily wounded.
The water moccasin bites you but does no damage.
You barely miss the water moccasin.
The water moccasin is heavily wounded.
The water moccasin bites you.
* * * LOW HITPOINT WARNING * * *
You are poisoned.
The water moccasin poisons you! The water moccasin closely misses you.
You hit the water moccasin but do no damage.
You tail-slap the water moccasin.
The water moccasin is heavily wounded.
* * * LOW HITPOINT WARNING * * *
You feel very sick.
The water moccasin looks more healthy.
The water moccasin completely misses you.
The water moccasin bites you.
* * * LOW HITPOINT WARNING * * *
You completely miss the water moccasin.
The water moccasin is heavily wounded.
* * * LOW HITPOINT WARNING * * *
You feel sick. The water moccasin bites you.
You die...

## .# ##### .# #####...####
### .### ........'..# #.# ...
####....##########.###.##.###
# #....#.##...[@S...........
####....#.####.###..##.......
...........###.###..# .##.###
###........##.......# .# #
......##..<##..###### ##
....#..........###
#.#...............#
#.#..####..##..####
...............##.+


You could see a water moccasin.

Vanquished Creatures
  Grinder (D:3)
  Sigmund (D:3)
  Edmund (D:4)
  Pargi (D:3)
  2 orc priests
  A centaur skeleton (D:4)
  Terence (D:2)
  4 orc wizards
  An iguana (D:4)
  3 gnolls (D:2)
  5 adders
  3 worms (D:3)
  A dart slug (D:1)
  5 orcs
  9 bats
  7 endoplasms
  3 giant cockroaches
  7 goblins
  9 hobgoblins
  2 jackals (D:1)
  7 kobolds
  2 quokkas
  6 ball pythons
  5 frilled lizards
  9 rats
96 creatures vanquished.

Vanquished Creatures (others)
  16 plants (D:2)
  6 withered plants (D:2)
22 creatures vanquished.

Grand Total: 118 creatures vanquished

Notes
Turn   | Place    | Note
-------+----------+-------------------------------------------
     0 | D:1      | siradein the Draconian Arcane Marksman began the quest for
                  | the Orb.
     0 | D:1      | Reached XP level 1. HP: 16/16 MP: 2/2
   247 | D:1      | Reached XP level 2. HP: 13/23 MP: 3/3
  1042 | D:1      | Reached XP level 3. HP: 21/29 MP: 5/5
  1046 | D:1      | Learned a level 3 spell: Inner Flame
  1371 | D:2      | Found a faded altar of an unknown god.
  1631 | D:2      | Reached XP level 4. HP: 22/36 MP: 6/6
  2064 | D:2      | Noticed Terence
  2082 | D:2      | Killed Terence
  2402 | D:2      | Learned a level 3 spell: Portal Projectile
  2621 | D:3      | Noticed Sigmund
  2636 | D:3      | Killed Sigmund
  2637 | D:3      | Reached XP level 5. HP: 11/45 MP: 8/8
  2637 | D:3      | Reached XP level 6. HP: 13/51 MP: 9/9
  3045 | D:3      | Noticed Grinder
  3070 | D:3      | Killed Grinder
  3470 | D:3      | Noticed Pargi
  3497 | D:3      | Killed Pargi
  3498 | D:3      | Your scales start taking on a dull iron-grey colour.
  3498 | D:3      | Reached XP level 7. HP: 34/58 MP: 11/11
  3690 | D:3      | Found an iron altar of Okawaru.
  3704 | D:3      | Became a worshipper of Warmaster Okawaru
  3839 | D:3      | Found a runed translucent door.
  3840 | D:3      | Noticed Crazy Yiuf
  4508 | D:4      | Found a hide-covered altar of Uskayaw.
  4656 | D:4      | Found a glowing golden altar of the Shining One.
  5453 | D:4      | Noticed Edmund
  5480 | D:4      | Killed Edmund
  5658 | D:4      | Slain by a water moccasin

Illustrated notes

Levels and vault maps discovered:
D:1:      dpeg_arrival_boxes_within_box, layout_basic
D:2:      layout_basic, ebering_ecumenical_altar_petrified, serial_bayou_pond_c,
          uniq_terence
D:3:      layout_basic, okawaru_gym_becter, serial_forest,
          infiniplex_forest_straight_1, infiniplex_forest_fountain,
          infiniplex_forest_zigzag_1, infiniplex_forest_lined_ring,
          infiniplex_forest_join, infiniplex_forest_clump_diagonal,
          infiniplex_forest_clump_medium, infiniplex_forest_fountain,
          ebering_dispersal_statue_hall, kennysheep_pointless_box, uniq_grinder,
          uniq_pargi, uniq_sigmund, uniq_crazy_yiuf_cottage
D:4:      layout_basic, amcnicky_altar_gilded, lemuel_doored_altar,
          temple_green, uniq_edmund

Skill      XL: |  1  2  3  4  5  6  7 |
---------------+----------------------+-----
Crossbows      | 2 3 4 |  4.0
Dodging        | 2 3 4 |  4.0
Hexes          | 3 4 |  4.5
Fighting       | 2 3 4 |  4.4
Spellcasting   | 2 3 |  3.6

Action                   |  1- 3 |  4- 6 |  7- 9 || total
-------------------------+-------+-------+-------++-------
Melee: Mace              |    35 |     2 |       ||    37
       Short sword       |    63 |    89 |   175 ||   327
       Tailslap          |     8 |    11 |    16 ||    35
 Fire: Hand crossbow     |       |     3 |       ||     3
Throw: Dart              |       |       |     1 ||     1
 Cast: Slow              |     1 |     1 |       ||     2
  Use: Potion            |       |       |     4 ||     4
 Stab: Invisible         |       |       |     1 ||     1
       Sleeping          |       |       |     1 ||     1
Armor: Skin              |    36 |    37 |   100 ||   173
Dodge: Dodged            |    99 |    76 |   126 ||   301

Table legend: (Time is in decaauts)
 A = Elapsed time spent in this place.
 B = Non-inter-level travel time spent in this place.
 C = Inter-level travel time spent in this place.
 D = Time resting spent in this place.
 E = Time spent auto-exploring this place.
 F = Levels seen in this place.
 G = Mean time per level.
                   A        B        C        D        E       F      G
               +--------+--------+--------+--------+--------+-----+--------+
         Total |   5713 |   5648 |     65 |    804 |   3857 |   4 | 1428.2 |
       Dungeon |   5713 |   5648 |     65 |    804 |   3857 |   4 | 1428.2 |
               +--------+--------+--------+--------+--------+-----+--------+

Top non-repeatable levels by time:
     D:3: 1938 daAuts
     D:1: 1569 daAuts
     D:2: 1368 daAuts
     D:4: 836 daAuts
